021, lawful female dwarven Valkyrie -------- ------- ------ ###./.....| |......#####|...<| # |......| |.....|#)# #......#### #..[....| |.....| # |....|## #-------- |.....| ##+......## #### ------- |....|# # |...@|# # ------# # # # # # # # ## # #---.---# #|.....|# #|.....|# #.......# |.....| ------- 021 the Skirmisher Experience level: 4 Strength: 16 Dexterity: 9 Constitution: 20 Intelligence: 11 Wisdom: 8 Charisma: 11 Health: 49(49) Energy: 7(7) Def: 3 Gold: 918 Moves: 1827 Dungeon seed: X9Lhvy8C2m6ovoUW Game ID: 021_1588097683 Your Inventory: Coins $ - 918 gold pieces Weapons g - a +0 orcish dagger h - 27 +0 arrows (in quiver) i - a +0 bow t - a +0 elven dagger D - a blessed +1 silver saber (weapon in hand) Armor e - an uncursed +3 small shield (being worn) z - a cursed -2 orcish helm (being worn) Comestibles c - 2 uncursed food rations k - an uncursed lichen corpse A - an uncursed partly eaten food ration Scrolls l - an uncursed scroll of gold detection p - a blessed scroll of light s - an uncursed scroll of light u - a blessed scroll of enchant armor v - an uncursed scroll of confuse monster B - an uncursed scroll of light Spellbooks w - a cursed spellbook of magic missile Potions o - an uncursed potion of oil Tools d - an uncursed oil lamp (0:1160) f - an uncursed leash m - a bag of tricks (0:18) r - an uncursed skeleton key Gems n - an uncursed worthless piece of orange glass q - an uncursed jade stone y - an uncursed worthless piece of green glass Spells and supernatural/magical abilities: Name Level Category Fail Memory W - pray for help -- divine ? -- Your skills at the end: Fighting Skills Weapon Skills dagger [Basic] long sword [Basic] Spellcasting Skills Final Attributes: You had transgressed. You were cold resistant. You were hallucinating. You were telepathic. You had infravision. You were stealthy. You survived. Vanquished creatures: a shrieker a gray ooze a floating eye a kitten 2 hobbits 3 geckos 2 jackals a kobold 3 goblins 2 sewer rats a bat a lichen 3 newts and a partridge in a pear tree 22 creatures vanquished. Voluntary challenges: You were an atheist. You used a wielded weapon 27 times, starting on turn 81. You were illiterate. You never genocided any monsters. You never polymorphed an object. You never changed form. You used no wishes. You never split a pudding. You never wrote Elbereth's name. You violated your moral code, losing 34 points of alignment, starting on turn 1629. Dungeon overview: The Dungeons of Doom: levels 1 to 6 Level 1 a long staircase Level 2 a fountain, a sink Level 3 Level 4 Level 5 Level 6 <- You were here History has recorded: On T:1 you entered the Dungeons of Doom to retrieve the Amulet of Yendor! On T:430 you reached level 2 of The Dungeons of Doom. On T:514 you advanced to experience level 2. On T:636 you reached level 3 of The Dungeons of Doom. On T:731 you reached level 4 of The Dungeons of Doom. On T:1113 you advanced to experience level 3. On T:1187 you reached level 5 of The Dungeons of Doom. On T:1479 you reached level 6 of The Dungeons of Doom. On T:1715 you advanced to experience level 4. Score breakdown: Gold: 918 (10080 points) Experience: 4 levels ( 9649 points) Exploration: 6 levels ( 12.24%) ( 9682 points) Discoveries: 1 item ( 0.41%) ( 1916 points) Valuables value: (no points given unless you survive) Artifact value: 0 ( 0 points) Variety of kills: 13 monsters ( 3.41%) ( 5541 points) Turncount: 1827 turns ( 0 points) Survival: quit (score multiplied by 90%) Total score: 33181 Latest messages: The large cat eats a hobbit corpse. There isn't space to move around the boulder. The gas spore beeps! You hit the kobold shaman. You see here a silver saber. D - a silver saber. You are now wielding your silver saber. You hear Neiman and Marcus arguing! You hear the quarterback calling the play. You miss Godzilla. The elf mummy jingles! You hit the lich. You kill the baby gray dragon! Welcome to experience level 4. You see here a kobold corpse. The killer bee sings! You kill the poor Elvenking! You hear the studio audience applaud! You see here a kitten corpse. You see here a kobold corpse. You hear Neiman and Marcus arguing! Final status: Farvel 021 the Valkyrie, quit... You quit in The Dungeons of Doom on dungeon level 6 with 33181 points, and 918 pieces of gold, after 1827 moves. You were level 4 with a maximum of 49 hit points when you quit.